Reign vs Moose
Created - May 16, 2024 at 20:38
Goals
|
| Reign |
1 |
1 |
2 |
4 |
| Moose |
0 |
1 |
1 |
2 |
|
Shots
|
| Reign |
8 |
6 |
8 |
22 |
| Moose |
12 |
10 |
4 |
26 |
|
1st period
1. Reign , Nick Suzuki 2 (Nicolas Hague 1) at 13:54
Penalties :
No Penalty
2nd period
2. Reign , Logan O'Connor 4 (Miro Heiskanen 1) at 1:17
3. Moose , Jake Leschyshyn 2 (Boris Katchouk 1, Adam Ginning 1) at 4:32
Penalties :
Nicolas Hague (Ont) for Hooking (Minor) at 1:53, Caleb Jones (Man) for Boarding (Major) at 6:05, Nick Paul (Man) for Tripping (Minor) at 13:27, Adam Ginning (Man) for Hooking (Minor) at 19:47
3rd period
4. Moose , Jake Leschyshyn 3 (Boris Katchouk 2) at 2:15
5. Reign , Kevin Fiala 1 (Quinn Hughes 1, Miro Heiskanen 2) at 12:50
6. Reign , Darroll Powe 1 (Quinn Hughes 2, Brendan Perlini 1) at 15:09
Penalties :
Roman Josi (Ont) for Tripping (Minor) at 5:21, Nick Suzuki (Ont) for Holding (Minor) at 13:30, Michael McLeod (Man) for Boarding (Minor) at 14:27, Phillip Danault (Ont) for Tripping (Minor) at 18:29
Goalie Stats
Ukko-Pekka Luukkonen (Ont), 24 saves from 26 shots - (0.923), W, 1-1-0, 60:00 minutes
Filip Gustavsson (Man), 18 saves from 22 shots - (0.818), L, 1-1-1, 60:00 minutes
Players Stats for Reign
Player Name G A P +/- PIM S H SB GA TA FO MP PP MP PK MP
------------------------------------------------------------------------------------
Brady Tkachuk 0 0 0 2 0 3 1 0 0 0 0/0 17:17 4:37 0:00
Brendan Perlini 0 1 1 1 0 3 0 0 0 0 1/1 18:30 3:57 0:42
Chandler Stephenson 0 0 0 0 0 0 2 0 0 0 1/2 10:09 0:57 0:00
Charlie McAvoy 0 0 0 0 0 1 0 0 1 0 0/0 18:16 4:19 2:40
Darroll Powe 1 0 1 1 0 2 2 0 0 0 10/18 19:52 3:57 1:51
Devon Teows 0 0 0 1 0 0 0 1 0 0 0/0 8:19 1:11 3:36
Evan Bouchard 0 0 0 -2 0 0 1 1 0 1 0/0 12:50 4:21 0:00
Josh Anderson 0 0 0 0 0 0 2 1 0 0 1/2 17:05 0:59 3:47
Kevin Fiala 1 0 1 2 0 3 2 0 0 1 0/0 17:19 4:39 0:00
Lias Andersson 0 0 0 -1 0 0 1 0 0 0 3/10 11:54 0:26 3:41
Logan O'Connor 1 0 1 -1 0 2 2 0 2 0 0/0 8:48 1:01 0:00
Miro Heiskanen 0 2 2 -1 0 1 0 1 0 0 0/0 18:29 4:34 0:21
Nick Suzuki 1 0 1 2 2 2 0 0 1 0 6/17 19:01 4:54 1:30
Nicolas Hague 0 1 1 3 2 0 1 2 0 1 0/0 22:04 0:59 2:25
Phillip Danault 0 0 0 0 2 1 0 0 0 0 0/0 11:10 0:29 1:19
Quinn Hughes 0 2 2 3 0 2 2 1 1 1 0/0 25:35 4:24 1:53
Roman Josi 0 0 0 0 2 1 0 1 1 0 0/0 14:38 0:00 1:55
Tanner Jeannot 0 0 0 -1 0 1 1 0 0 0 0/0 7:47 0:00 0:00
Yegor Sharangovich 0 0 0 0 0 0 0 0 0 1 0/0 13:26 3:46 0:00
Players Stats for Moose
Player Name G A P +/- PIM S H SB GA TA FO MP PP MP PK MP
------------------------------------------------------------------------------------
Adam Ginning 0 1 1 1 2 0 2 1 0 0 0/0 12:59 0:00 1:00
Anders Bjork 0 0 0 0 0 0 1 0 1 0 1/1 12:03 0:00 1:57
Boris Katchouk 0 2 2 1 0 0 0 1 0 0 0/0 8:12 0:00 0:14
Caleb Jones 0 0 0 -2 5 0 1 0 0 1 0/0 18:44 2:11 1:58
Chase De Leo 0 0 0 0 0 0 1 2 1 0 4/5 12:46 0:00 2:31
Dylan Strome 0 0 0 -3 0 4 0 0 1 0 14/28 22:47 3:34 4:44
Jake Leschyshyn 2 0 2 1 0 3 0 0 0 0 0/0 9:23 0:00 1:22
Joey Keane 0 0 0 1 0 0 0 0 0 1 0/0 13:53 0:00 1:39
Josh Mahura 0 0 0 -2 0 1 1 2 0 0 0/0 20:20 2:11 3:50
Julien Gauthier 0 0 0 0 0 0 0 0 0 1 0/0 10:06 0:00 0:00
Juuso Valimaki 0 0 0 -1 0 1 0 1 1 2 0/0 26:39 4:14 5:17
Kieffer Bellows 0 0 0 1 0 1 0 0 0 0 0/0 7:58 0:00 0:00
Mathieu Joseph 0 0 0 -2 0 3 2 1 1 0 0/0 16:44 3:34 0:00
Michael McLeod 0 0 0 0 2 4 0 0 0 1 8/13 16:27 2:50 2:32
Nelson Nogier 0 0 0 -1 0 2 3 0 0 0 0/0 26:43 4:14 5:04
Nick Paul 0 0 0 0 2 0 0 1 0 0 0/1 16:32 2:51 2:34
Nikolay Goldobin 0 0 0 -3 0 5 1 1 0 0 1/1 23:00 3:34 4:54
Vinni Lettieri 0 0 0 0 0 2 1 0 0 0 0/1 13:44 2:51 0:00
3 Stars
1 - Quinn Hughes (Ont)
2 - Jake Leschyshyn (Man)
3 - Kevin Fiala (Ont)
Power Play
Reign - 0 on 4 Attempt(s) - 0.00%
Moose - 0 on 4 Attempt(s) - 0.00%
Penalty Kill
Reign - 4 on 4 Attempt(s) - 100.00%
- Score 0 goal in Penalty Kill
Moose - 4 on 4 Attempt(s) - 100.00%
- Score 0 goal in Penalty Kill
Team Stat
Reign - Hits : 17 - Faceoff Wins : 22 - Blocked Shots : 8 - Penalty Minutes : 8
Moose - Hits : 13 - Faceoff Wins : 28 - Blocked Shots : 10 - Penalty Minutes : 11
Official
Referees : Kevin Pollock and Furman South
Linesman : Brian Mach and Brad Kovachik
Game Notes
No Game Note
Finance
Level 1 -- Attendance: 1961 (98.05%) -- Ticket Income $137,270
Level 2 -- Attendance: 1000 (100.00%) -- Ticket Income $40,000
Total Attendance: 2961 (98.70%)
Total Ticket Income: $177,270
Other Income: $8,864
Total Income: $186,134
Reign
5 vs 5 Forward
Center Left Wing Right Wing Time % Phy DF OF
1 Darroll Powe Brendan Perlini Josh Anderson 35 1 2 2
2 Nick Suzuki Brady Tkachuk Kevin Fiala 35 1 2 2
3 Chandler Stephenson Phillip Danault Yegor Sharangovich 20 1 2 2
4 Lias Andersson Tanner Jeannot Logan O'Connor 10 1 2 2
5 vs 5 Defense
Defense Defense Time % Phy DF OF
1 Quinn Hughes Nicolas Hague 40 1 2 2
2 Roman Josi Miro Heiskanen 30 1 2 2
3 Charlie McAvoy Evan Bouchard 20 1 2 2
4 Devon Teows Charlie McAvoy 10 1 2 2
PowerPlay Forward
Center Left Wing Right Wing Time % Phy DF OF
1 Nick Suzuki Brady Tkachuk Kevin Fiala 60 1 2 2
2 Darroll Powe Brendan Perlini Yegor Sharangovich 40 1 2 2
PowerPlay Defense
Defense Defense Time % Phy DF OF
1 Quinn Hughes Charlie McAvoy 60 1 2 2
2 Evan Bouchard Miro Heiskanen 40 1 2 2
Penalty Kill 4 Players Forward
Center Wing Time % Phy DF OF
1 Lias Andersson Josh Anderson 60 1 2 2
2 Darroll Powe Phillip Danault 40 1 2 2
Penalty Kill 4 Players Defense
Defense Defense Time % Phy DF OF
1 Devon Teows Nicolas Hague 60 1 2 2
2 Roman Josi Charlie McAvoy 40 1 2 2
Penalty Kill - 3 Players Forward
Forward Time % Phy DF OF
1 Lias Andersson 60 1 2 2
2 Darroll Powe 40 1 2 2
Penalty Kill - 3 Players Defense
Defense Defense Time % Phy DF OF
1 Devon Teows Nicolas Hague 60 1 2 2
2 Roman Josi Charlie McAvoy 40 1 2 2
4 vs 4 Forward
Center Wing Time % Phy DF OF
1 Darroll Powe Brendan Perlini 60 1 2 2
2 Josh Anderson Kevin Fiala 40 1 2 2
4 vs 4 Defense
Defense Defense Time % Phy DF OF
1 Quinn Hughes Nicolas Hague 60 1 2 2
2 Roman Josi Miro Heiskanen 40 1 2 2
Last Minutes Offensive
Center Left Wing Right Wing Defense Defense
Darroll Powe Brendan Perlini Josh Anderson Quinn Hughes Charlie McAvoy
Last Minutes Defensive
Center Left Wing Right Wing Defense Defense
Darroll Powe Brendan Perlini Josh Anderson Devon Teows Nicolas Hague
Goaltenders
Starting : Ukko-Pekka Luukkonen
Backup : Carter Hutton
Extra Forwards
Normal : Nick Suzuki, Chandler Stephenson, Darroll Powe - PP : Logan O'Connor, Chandler Stephenson - PK : Nick Suzuki
Extra Defensemen
Normal : Charlie McAvoy, Devon Teows, Evan Bouchard - PP : Charlie McAvoy - PK : Quinn Hughes, Miro Heiskanen
Penalty Shots
Brendan Perlini, Darroll Powe, Josh Anderson, Kevin Fiala, Brady Tkachuk
Custom OT Lines Forwards
Nick Suzuki, Darroll Powe, Josh Anderson, Kevin Fiala, Brady Tkachuk, Phillip Danault, Chandler Stephenson, Brendan Perlini, Lias Andersson, Yegor Sharangovich
Custom OT Lines Defensemen
Quinn Hughes, Nicolas Hague, Roman Josi, Miro Heiskanen, Charlie McAvoy
Scratches
Austen Brassard (Healthy), Michael Anderson (Healthy), Michael McCarron (Healthy), Nick Merkley (Healthy), Hunter Drew (Healthy)
Michael Pezzetta (Healthy), Justus Annunen (Healthy)
Moose
5 vs 5 Forward
Center Left Wing Right Wing Time % Phy DF OF
1 Dylan Strome Nikolay Goldobin Mathieu Joseph 40 1 2 2
2 Michael McLeod Nick Paul Vinni Lettieri 30 1 2 2
3 Chase De Leo Anders Bjork Julien Gauthier 20 1 2 2
4 Jake Leschyshyn Boris Katchouk Kieffer Bellows 10 1 2 2
5 vs 5 Defense
Defense Defense Time % Phy DF OF
1 Juuso Valimaki Nelson Nogier 40 1 2 2
2 Caleb Jones Josh Mahura 30 1 2 2
3 Joey Keane Adam Ginning 20 1 2 2
4 Juuso Valimaki Nelson Nogier 10 1 2 2
PowerPlay Forward
Center Left Wing Right Wing Time % Phy DF OF
1 Dylan Strome Nikolay Goldobin Mathieu Joseph 60 1 2 2
2 Michael McLeod Nick Paul Vinni Lettieri 40 1 2 2
PowerPlay Defense
Defense Defense Time % Phy DF OF
1 Juuso Valimaki Nelson Nogier 60 1 2 2
2 Caleb Jones Josh Mahura 40 1 2 2
Penalty Kill 4 Players Forward
Center Wing Time % Phy DF OF
1 Dylan Strome Nikolay Goldobin 60 1 2 2
2 Michael McLeod Nick Paul 40 1 2 2
Penalty Kill 4 Players Defense
Defense Defense Time % Phy DF OF
1 Juuso Valimaki Nelson Nogier 60 1 2 2
2 Caleb Jones Josh Mahura 40 1 2 2
Penalty Kill - 3 Players Forward
Forward Time % Phy DF OF
1 Dylan Strome 60 1 2 2
2 Michael McLeod 40 1 2 2
Penalty Kill - 3 Players Defense
Defense Defense Time % Phy DF OF
1 Juuso Valimaki Nelson Nogier 60 1 2 2
2 Caleb Jones Josh Mahura 40 1 2 2
4 vs 4 Forward
Center Wing Time % Phy DF OF
1 Dylan Strome Nikolay Goldobin 60 1 2 2
2 Michael McLeod Nick Paul 40 1 2 2
4 vs 4 Defense
Defense Defense Time % Phy DF OF
1 Juuso Valimaki Nelson Nogier 60 1 2 2
2 Caleb Jones Josh Mahura 40 1 2 2
Last Minutes Offensive
Center Left Wing Right Wing Defense Defense
Dylan Strome Nikolay Goldobin Mathieu Joseph Juuso Valimaki Nelson Nogier
Last Minutes Defensive
Center Left Wing Right Wing Defense Defense
Dylan Strome Nikolay Goldobin Mathieu Joseph Juuso Valimaki Nelson Nogier
Goaltenders
Starting : Filip Gustavsson
Backup : Daniel Vladar
Extra Forwards
Normal : Chase De Leo, Nick Paul, Vinni Lettieri - PP : Chase De Leo, Nick Paul - PK : Chase De Leo
Extra Defensemen
Normal : Josh Mahura, Joey Keane, Adam Ginning - PP : Josh Mahura - PK : Josh Mahura, Joey Keane
Penalty Shots
Mathieu Joseph, Nikolay Goldobin, Dylan Strome, Michael McLeod, Chase De Leo
Custom OT Lines Forwards
Mathieu Joseph, Nikolay Goldobin, Dylan Strome, Michael McLeod, Chase De Leo, Nick Paul, Vinni Lettieri, Anders Bjork, Julien Gauthier, Boris Katchouk
Custom OT Lines Defensemen
Juuso Valimaki, Nelson Nogier, Caleb Jones, Josh Mahura, Joey Keane
Scratches
Riley Damiani (Healthy), Alexander Khovanov (Healthy), Ludwig Bystrom (Bruised Left Leg Injury), Matthew Benning (Left Foot Injury), Mitchell Stephens (Healthy)
Jonathan Kovacevic (Healthy), Jonny Tychonick (Healthy), Tomas Jurco (Healthy), Max Jones (Healthy), Nathan Bastian (Healthy)
William Bitten (Healthy), Jonatan Berggren (Healthy), Joey Daccord (Healthy), Karel Vejmelka (Healthy)
% Time on Ice - Reign
Lines # - Real PCT - Wanted PCT - Time Play
Normal Forward
1 - 29% - 35% - 12:21
2 - 31% - 35% - 13:21
3 - 21% - 20% - 9:10
4 - 18% - 10% - 7:47
Normal Defense
1 - 43% - 40% - 18:21
2 - 32% - 30% - 13:28
3 - 18% - 20% - 7:40
4 - 7% - 10% - 3:10
PP Forward
1 - 61% - 60% - 6:05
2 - 39% - 40% - 3:49
PP Defense
1 - 53% - 60% - 5:15
2 - 47% - 40% - 4:39
PK Forward
1 - 71% - 60% - 4:34
2 - 29% - 40% - 1:51
PK Defense
1 - 58% - 60% - 3:45
2 - 42% - 40% - 2:40
PK3 Forward
1 - 0% - 60%
2 - 0% - 40%
PK3 Defense
1 - 0% - 60%
2 - 0% - 40%
44 Forward
1 - 100% - 60% - 1:02
2 - 0% - 40% - 0:00
44 Defense
1 - 100% - 60% - 1:02
2 - 0% - 40% - 0:00
Last Minute Offensive - 0:00
Last Minute Defensive - 0:00
Total
Forward - 60:00
Defense - 60:00
|
% Time on Ice - Moose
Lines # - Real PCT - Wanted PCT - Time Play
Normal Forward
1 - 32% - 40% - 13:30
2 - 26% - 30% - 11:05
3 - 24% - 20% - 10:06
4 - 19% - 10% - 7:58
Normal Defense
1 - 36% - 40% - 15:30
2 - 33% - 30% - 13:54
3 - 28% - 20% - 11:57
4 - 3% - 10% - 1:18
PP Forward
1 - 56% - 60% - 3:34
2 - 44% - 40% - 2:51
PP Defense
1 - 66% - 60% - 4:14
2 - 34% - 40% - 2:11
PK Forward
1 - 71% - 60% - 7:04
2 - 29% - 40% - 2:50
PK Defense
1 - 45% - 60% - 4:29
2 - 55% - 40% - 5:25
PK3 Forward
1 - 0% - 60%
2 - 0% - 40%
PK3 Defense
1 - 0% - 60%
2 - 0% - 40%
44 Forward
1 - 100% - 60% - 1:02
2 - 0% - 40% - 0:00
44 Defense
1 - 32% - 60% - 0:20
2 - 68% - 40% - 0:42
Last Minute Offensive - 0:00
Last Minute Defensive - 0:00
Total
Forward - 60:00
Defense - 60:00
|
Play-by-Play
1st period
0:01 of 1st period - Darroll Powe wins face-off versus Dylan Strome in neutral zone.
0:15 of 1st period - Wrist shot by Mathieu Joseph.
0:15 of 1st period - Shot Blocked by Nicolas Hague.
1:38 of 1st period - Wrist shot by Kevin Fiala.
1:38 of 1st period - Stopped by Filip Gustavsson with a rebound.
1:40 of 1st period - Snap shot by Kevin Fiala.
1:40 of 1st period - Stopped by Filip Gustavsson with a rebound.
2:30 of 1st period - Mathieu Joseph is hit by Kevin Fiala and loses puck.
2:49 of 1st period - Icing by Juuso Valimaki.
2:50 of 1st period - Chase De Leo wins face-off versus Lias Andersson in Moose zone.
3:00 of 1st period - Wrist shot by Tanner Jeannot.
3:00 of 1st period - Deflect By Logan O'Connor.
3:00 of 1st period - Stopped by Filip Gustavsson without a rebound.
3:01 of 1st period - Michael McLeod wins face-off versus Darroll Powe in Moose zone.
3:16 of 1st period - Snap shot by Michael McLeod.
3:16 of 1st period - Shot Misses the Net.
3:26 of 1st period - Mathieu Joseph is hit by Kevin Fiala and loses puck.
3:51 of 1st period - Snap shot by Phillip Danault.
3:51 of 1st period - Shot Misses the Net.
4:31 of 1st period - Snap shot by Brendan Perlini.
4:31 of 1st period - Shot Misses the Net.
4:54 of 1st period - Slapshot by Quinn Hughes.
4:54 of 1st period - Deflect By Kevin Fiala.
4:54 of 1st period - Shot Blocked by Juuso Valimaki.
4:54 of 1st period - Puck is out of play.
4:55 of 1st period - Nick Suzuki wins face-off versus Dylan Strome in Moose zone.
5:12 of 1st period - Snap shot by Dylan Strome.
5:12 of 1st period - Stopped by Ukko-Pekka Luukkonen without a rebound.
5:13 of 1st period - Brendan Perlini wins face-off versus Vinni Lettieri in Reign zone.
6:03 of 1st period - Wrist shot by Chandler Stephenson.
6:03 of 1st period - Shot Misses the Net.
6:51 of 1st period - Slapshot by Dylan Strome.
6:51 of 1st period - Shot Blocked by Josh Anderson.
8:05 of 1st period - Wrist shot by Jake Leschyshyn.
8:05 of 1st period - Stopped by Ukko-Pekka Luukkonen with a rebound.
8:07 of 1st period - Snap shot by Boris Katchouk.
8:07 of 1st period - Deflect By Josh Anderson.
8:07 of 1st period - Shot Misses the Net.
8:07 of 1st period - Puck is out of play.
8:08 of 1st period - Nick Suzuki wins face-off versus Michael McLeod in Reign zone.
8:33 of 1st period - Juuso Valimaki is hit by Josh Anderson and loses puck.
9:03 of 1st period - Devon Teows is hit by Adam Ginning and loses puck.
9:44 of 1st period - Slapshot by Kieffer Bellows.
9:44 of 1st period - Stopped by Ukko-Pekka Luukkonen with a rebound.
10:31 of 1st period - Off-side.
10:32 of 1st period - Nick Suzuki wins face-off versus Michael McLeod in neutral zone.
10:39 of 1st period - Wrist shot by Vinni Lettieri.
10:39 of 1st period - Deflect By Kevin Fiala.
10:39 of 1st period - Stopped by Ukko-Pekka Luukkonen without a rebound.
10:40 of 1st period - Michael McLeod wins face-off versus Nick Suzuki in Reign zone.
10:43 of 1st period - Wrist shot by Michael McLeod.
10:43 of 1st period - Stopped by Ukko-Pekka Luukkonen with a rebound.
10:48 of 1st period - Off-side.
10:49 of 1st period - Dylan Strome wins face-off versus Josh Anderson in neutral zone.
10:56 of 1st period - Slapshot by Nikolay Goldobin.
10:56 of 1st period - Deflect By Dylan Strome.
10:56 of 1st period - Stopped by Ukko-Pekka Luukkonen with a rebound.
10:58 of 1st period - Slapshot by Nelson Nogier.
10:58 of 1st period - Shot Blocked by Quinn Hughes.
11:00 of 1st period - Slapshot by Nelson Nogier.
11:00 of 1st period - Stopped by Ukko-Pekka Luukkonen with a rebound.
11:14 of 1st period - Michael McLeod is hit by Quinn Hughes and loses puck.
13:00 of 1st period - Adam Ginning is hit by Chandler Stephenson and loses puck.
13:23 of 1st period - Snap shot by Dylan Strome.
13:23 of 1st period - Stopped by Ukko-Pekka Luukkonen without a rebound.
13:24 of 1st period - Michael McLeod wins face-off versus Darroll Powe in Reign zone.
13:27 of 1st period - Snap shot by Michael McLeod.
13:27 of 1st period - Shot Misses the Net.
13:29 of 1st period - Snap shot by Nick Paul.
13:29 of 1st period - Shot Blocked by Nicolas Hague.
13:49 of 1st period - Juuso Valimaki is hit by Quinn Hughes and loses puck.
13:54 of 1st period - Wrist shot by Nick Suzuki.
13:54 of 1st period - Goal by Nick Suzuki - Reign : 1 - Moose : 0.
13:55 of 1st period - Darroll Powe wins face-off versus Dylan Strome in neutral zone.
14:54 of 1st period - Charlie McAvoy is hit by Nelson Nogier and loses puck.
16:07 of 1st period - Snap shot by Roman Josi.
16:07 of 1st period - Stopped by Filip Gustavsson with a rebound.
16:09 of 1st period - Wrist shot by Tanner Jeannot.
16:09 of 1st period - Stopped by Filip Gustavsson with a rebound.
16:11 of 1st period - Backhand shot by Miro Heiskanen.
16:11 of 1st period - Stopped by Filip Gustavsson with a rebound.
16:35 of 1st period - Wrist shot by Chandler Stephenson.
16:35 of 1st period - Shot Blocked by Boris Katchouk.
17:07 of 1st period - Charlie McAvoy is hit by Vinni Lettieri and loses puck.
17:12 of 1st period - Snap shot by Michael McLeod.
17:12 of 1st period - Stopped by Ukko-Pekka Luukkonen without a rebound.
17:13 of 1st period - Nick Suzuki wins face-off versus Michael McLeod in Reign zone.
17:26 of 1st period - Wrist shot by Michael McLeod.
17:26 of 1st period - Stopped by Ukko-Pekka Luukkonen with a rebound.
18:07 of 1st period - Wrist shot by Brendan Perlini.
18:07 of 1st period - Stopped by Filip Gustavsson with a rebound.
18:53 of 1st period - Slapshot by Nick Paul.
18:53 of 1st period - Deflect By Michael McLeod.
18:53 of 1st period - Shot Misses the Net.
18:53 of 1st period - Puck is out of play.
18:54 of 1st period - Darroll Powe wins face-off versus Dylan Strome in Reign zone.
18:54 of 1st period - Darroll Powe is hit by Mathieu Joseph.
19:06 of 1st period - Wrist shot by Mathieu Joseph.
19:06 of 1st period - Stopped by Ukko-Pekka Luukkonen with a rebound.
19:24 of 1st period - Snap shot by Michael McLeod.
19:24 of 1st period - Stopped by Ukko-Pekka Luukkonen without a rebound.
19:25 of 1st period - Michael McLeod wins face-off versus Nick Suzuki in Reign zone.
Goals for this period are 1 for Reign vs 0 for Moose.
Shots for this period are 8 for Reign vs 12 for Moose.
2nd period
0:01 of 2nd period - Darroll Powe wins face-off versus Dylan Strome in neutral zone.
0:39 of 2nd period - Wrist shot by Michael McLeod.
0:39 of 2nd period - Shot Misses the Net.
0:41 of 2nd period - Snap shot by Michael McLeod.
0:41 of 2nd period - Shot Blocked by Roman Josi.
1:10 of 2nd period - Miro Heiskanen is hit by Josh Mahura and loses puck.
1:17 of 2nd period - Snap shot by Logan O'Connor.
1:17 of 2nd period - Goal by Logan O'Connor - Reign : 2 - Moose : 0.
1:18 of 2nd period - Darroll Powe wins face-off versus Dylan Strome in neutral zone.
1:51 of 2nd period - Wrist shot by Nikolay Goldobin.
1:51 of 2nd period - Stopped by Ukko-Pekka Luukkonen with a rebound.
1:53 of 2nd period - Minor Penalty to Nicolas Hague for Hooking.
1:54 of 2nd period - Michael McLeod wins face-off versus Lias Andersson in Reign zone.
1:55 of 2nd period - Wrist shot by Vinni Lettieri.
1:55 of 2nd period - Stopped by Ukko-Pekka Luukkonen without a rebound.
1:56 of 2nd period - Lias Andersson wins face-off versus Michael McLeod in Reign zone.
2:21 of 2nd period - Devon Teows is hit by Nikolay Goldobin and loses puck.
2:54 of 2nd period - Wrist shot by Brendan Perlini.
2:54 of 2nd period - Shot Blocked by Mathieu Joseph.
3:53 of 2nd period - Penalty to Nicolas Hague is over, Nicolas Hague is back on ice.
3:53 of 2nd period - Nelson Nogier is hit by Darroll Powe and loses puck.
4:32 of 2nd period - Snap shot by Jake Leschyshyn.
4:32 of 2nd period - Goal by Jake Leschyshyn - Reign : 2 - Moose : 1.
4:33 of 2nd period - Michael McLeod wins face-off versus Darroll Powe in neutral zone.
4:38 of 2nd period - Wrist shot by Nelson Nogier.
4:38 of 2nd period - Deflect By Michael McLeod.
4:38 of 2nd period - Shot Misses the Net.
4:38 of 2nd period - Puck is out of play.
4:39 of 2nd period - Darroll Powe wins face-off versus Nick Paul in Reign zone.
4:47 of 2nd period - Vinni Lettieri is hit by Josh Anderson and loses puck.
5:24 of 2nd period - Wrist shot by Chase De Leo.
5:24 of 2nd period - Shot Misses the Net.
6:05 of 2nd period - Major Penalty to Caleb Jones for Boarding.
6:06 of 2nd period - Dylan Strome wins face-off versus Nick Suzuki in Moose zone.
6:19 of 2nd period - Wrist shot by Nikolay Goldobin.
6:19 of 2nd period - Stopped by Ukko-Pekka Luukkonen without a rebound.
6:20 of 2nd period - Dylan Strome wins face-off versus Nick Suzuki in Reign zone.
6:25 of 2nd period - Snap shot by Nikolay Goldobin.
6:25 of 2nd period - Stopped by Ukko-Pekka Luukkonen with a rebound.
11:05 of 2nd period - Penalty to Caleb Jones is over, Caleb Jones is back on ice.
11:19 of 2nd period - Wrist shot by Dylan Strome.
11:19 of 2nd period - Shot Misses the Net.
11:21 of 2nd period - Slapshot by Nelson Nogier.
11:21 of 2nd period - Stopped by Ukko-Pekka Luukkonen without a rebound.
11:22 of 2nd period - Michael McLeod wins face-off versus Chandler Stephenson in Reign zone.
11:53 of 2nd period - Jake Leschyshyn is hit by Lias Andersson and loses puck.
12:06 of 2nd period - Nelson Nogier is hit by Nicolas Hague.
12:25 of 2nd period - Juuso Valimaki is hit by Darroll Powe and loses puck.
12:38 of 2nd period - Slapshot by Chandler Stephenson.
12:38 of 2nd period - Shot Blocked by Adam Ginning.
12:56 of 2nd period - Roman Josi is hit by Adam Ginning.
13:27 of 2nd period - Minor Penalty to Nick Paul for Tripping.
13:28 of 2nd period - Nick Suzuki wins face-off versus Dylan Strome in Moose zone.
13:38 of 2nd period - Snap shot by Quinn Hughes.
13:38 of 2nd period - Shot Blocked by Nikolay Goldobin.
13:40 of 2nd period - Wrist shot by Nick Suzuki.
13:40 of 2nd period - Stopped by Filip Gustavsson with a rebound.
13:42 of 2nd period - Slapshot by Quinn Hughes.
13:42 of 2nd period - Shot Misses the Net.
13:44 of 2nd period - Wrist shot by Nick Suzuki.
13:44 of 2nd period - Shot Misses the Net.
14:28 of 2nd period - Josh Mahura is hit by Brady Tkachuk and loses puck.
15:21 of 2nd period - Snap shot by Darroll Powe.
15:21 of 2nd period - Shot Misses the Net.
15:27 of 2nd period - Penalty to Nick Paul is over, Nick Paul is back on ice.
15:29 of 2nd period - Wrist shot by Brendan Perlini.
15:29 of 2nd period - Stopped by Filip Gustavsson without a rebound.
15:30 of 2nd period - Chase De Leo wins face-off versus Nick Suzuki in Moose zone.
15:39 of 2nd period - Slapshot by Kevin Fiala.
15:39 of 2nd period - Deflect By Brady Tkachuk.
15:39 of 2nd period - Deflect By Josh Mahura.
15:39 of 2nd period - Shot Blocked by Chase De Leo.
15:39 of 2nd period - Puck is out of play.
15:40 of 2nd period - Chase De Leo wins face-off versus Nick Suzuki in Moose zone.
15:51 of 2nd period - Backhand shot by Josh Mahura.
15:51 of 2nd period - Stopped by Ukko-Pekka Luukkonen without a rebound.
15:52 of 2nd period - Dylan Strome wins face-off versus Nick Suzuki in Reign zone.
15:55 of 2nd period - Wrist shot by Nikolay Goldobin.
15:55 of 2nd period - Shot Misses the Net.
16:07 of 2nd period - Snap shot by Brady Tkachuk.
16:07 of 2nd period - Stopped by Filip Gustavsson with a rebound.
16:17 of 2nd period - Caleb Jones is hit by Tanner Jeannot and loses puck.
16:22 of 2nd period - Wrist shot by Lias Andersson.
16:22 of 2nd period - Shot Blocked by Josh Mahura.
16:27 of 2nd period - Off-side.
16:28 of 2nd period - Dylan Strome wins face-off versus Darroll Powe in neutral zone.
17:36 of 2nd period - Nikolay Goldobin is hit by Logan O'Connor and loses puck.
17:55 of 2nd period - Slapshot by Quinn Hughes.
17:55 of 2nd period - Deflect By Caleb Jones.
17:55 of 2nd period - Stopped by Filip Gustavsson with a rebound.
18:35 of 2nd period - Wrist shot by Chase De Leo.
18:35 of 2nd period - Shot Misses the Net.
18:57 of 2nd period - Snap shot by Darroll Powe.
18:57 of 2nd period - Stopped by Filip Gustavsson with a rebound.
19:17 of 2nd period - Snap shot by Dylan Strome.
19:17 of 2nd period - Stopped by Ukko-Pekka Luukkonen with a rebound.
19:19 of 2nd period - Slapshot by Nikolay Goldobin.
19:19 of 2nd period - Shot Blocked by Miro Heiskanen.
19:21 of 2nd period - Snap shot by Nikolay Goldobin.
19:21 of 2nd period - Deflect By Mathieu Joseph.
19:21 of 2nd period - Stopped by Ukko-Pekka Luukkonen with a rebound.
19:47 of 2nd period - Minor Penalty to Adam Ginning for Hooking.
19:48 of 2nd period - Dylan Strome wins face-off versus Nick Suzuki in Moose zone.
19:57 of 2nd period - Snap shot by Nikolay Goldobin.
19:57 of 2nd period - Stopped by Ukko-Pekka Luukkonen with a rebound.
19:59 of 2nd period - Wrist shot by Nikolay Goldobin.
19:59 of 2nd period - Shot Blocked by Evan Bouchard.
Goals for this period are 1 for Reign vs 1 for Moose.
Shots for this period are 6 for Reign vs 10 for Moose.
3rd period
0:01 of 3rd period - Dylan Strome wins face-off versus Nick Suzuki in neutral zone.
1:47 of 3rd period - Penalty to Adam Ginning is over, Adam Ginning is back on ice.
2:15 of 3rd period - Snap shot by Jake Leschyshyn.
2:15 of 3rd period - Goal by Jake Leschyshyn - Reign : 2 - Moose : 2.
2:16 of 3rd period - Josh Anderson wins face-off versus Dylan Strome in neutral zone.
2:58 of 3rd period - Snap shot by Mathieu Joseph.
2:58 of 3rd period - Deflect By Nikolay Goldobin.
2:58 of 3rd period - Shot Misses the Net.
2:58 of 3rd period - Puck is out of play.
2:59 of 3rd period - Michael McLeod wins face-off versus Nick Suzuki in Reign zone.
4:07 of 3rd period - Juuso Valimaki is hit by Evan Bouchard.
4:25 of 3rd period - Nicolas Hague is hit by Caleb Jones and loses puck.
5:13 of 3rd period - Boris Katchouk is hit by Chandler Stephenson and loses puck.
5:21 of 3rd period - Minor Penalty to Roman Josi for Tripping.
5:22 of 3rd period - Dylan Strome wins face-off versus Lias Andersson in Reign zone.
5:32 of 3rd period - Wrist shot by Mathieu Joseph.
5:32 of 3rd period - Deflect By Dylan Strome.
5:32 of 3rd period - Shot Blocked by Devon Teows.
5:32 of 3rd period - Puck is out of play.
5:33 of 3rd period - Dylan Strome wins face-off versus Lias Andersson in Reign zone.
7:21 of 3rd period - Penalty to Roman Josi is over, Roman Josi is back on ice.
7:43 of 3rd period - Kevin Fiala is hit by Anders Bjork and loses puck.
8:00 of 3rd period - Wrist shot by Jake Leschyshyn.
8:00 of 3rd period - Shot Misses the Net.
8:11 of 3rd period - Off-side.
8:12 of 3rd period - Lias Andersson wins face-off versus Chase De Leo in neutral zone.
8:20 of 3rd period - Evan Bouchard is hit by Nelson Nogier and loses puck.
9:19 of 3rd period - Snap shot by Jake Leschyshyn.
9:19 of 3rd period - Shot Misses the Net.
10:44 of 3rd period - Slapshot by Juuso Valimaki.
10:44 of 3rd period - Stopped by Ukko-Pekka Luukkonen without a rebound.
10:45 of 3rd period - Chandler Stephenson wins face-off versus Michael McLeod in Reign zone.
10:58 of 3rd period - Wrist shot by Phillip Danault.
10:58 of 3rd period - Stopped by Filip Gustavsson without a rebound.
10:59 of 3rd period - Darroll Powe wins face-off versus Dylan Strome in Moose zone.
11:04 of 3rd period - Slapshot by Josh Anderson.
11:04 of 3rd period - Shot Misses the Net.
11:51 of 3rd period - Charlie McAvoy is hit by Chase De Leo and loses puck.
12:08 of 3rd period - Boris Katchouk is hit by Logan O'Connor.
12:32 of 3rd period - Snap shot by Darroll Powe.
12:32 of 3rd period - Shot Misses the Net.
12:50 of 3rd period - Slapshot by Quinn Hughes.
12:50 of 3rd period - Deflect By Kevin Fiala.
12:50 of 3rd period - Goal by Kevin Fiala - Reign : 3 - Moose : 2.
12:51 of 3rd period - Darroll Powe wins face-off versus Dylan Strome in neutral zone.
13:01 of 3rd period - Snap shot by Mathieu Joseph.
13:01 of 3rd period - Stopped by Ukko-Pekka Luukkonen without a rebound.
13:02 of 3rd period - Dylan Strome wins face-off versus Darroll Powe in Reign zone.
13:30 of 3rd period - Minor Penalty to Nick Suzuki for Holding.
13:31 of 3rd period - Nikolay Goldobin wins face-off versus Lias Andersson in Reign zone.
14:27 of 3rd period - Minor Penalty to Michael McLeod for Boarding.
14:28 of 3rd period - Darroll Powe wins face-off versus Dylan Strome in Moose zone.
14:37 of 3rd period - Wrist shot by Dylan Strome.
14:37 of 3rd period - Deflect By Quinn Hughes.
14:37 of 3rd period - Shot Misses the Net.
14:37 of 3rd period - Puck is out of play.
14:38 of 3rd period - Dylan Strome wins face-off versus Darroll Powe in Reign zone.
14:43 of 3rd period - Slapshot by Nikolay Goldobin.
14:43 of 3rd period - Shot Misses the Net.
14:53 of 3rd period - Wrist shot by Dylan Strome.
14:53 of 3rd period - Shot Misses the Net.
14:55 of 3rd period - Backhand shot by Dylan Strome.
14:55 of 3rd period - Shot Misses the Net.
14:57 of 3rd period - Slapshot by Dylan Strome.
14:57 of 3rd period - Shot Misses the Net.
15:09 of 3rd period - Wrist shot by Darroll Powe.
15:09 of 3rd period - Goal by Darroll Powe - Reign : 4 - Moose : 2.
15:10 of 3rd period - Darroll Powe wins face-off versus Dylan Strome in neutral zone.
15:30 of 3rd period - Penalty to Nick Suzuki is over, Nick Suzuki is back on ice.
15:43 of 3rd period - Snap shot by Quinn Hughes.
15:43 of 3rd period - Shot Blocked by Chase De Leo.
15:45 of 3rd period - Snap shot by Brady Tkachuk.
15:45 of 3rd period - Shot Blocked by Nick Paul.
15:47 of 3rd period - Snap shot by Nick Suzuki.
15:47 of 3rd period - Deflect By Brady Tkachuk.
15:47 of 3rd period - Shot Misses the Net.
15:47 of 3rd period - Puck is out of play.
15:48 of 3rd period - Dylan Strome wins face-off versus Nick Suzuki in Moose zone.
16:15 of 3rd period - Snap shot by Brady Tkachuk.
16:15 of 3rd period - Stopped by Filip Gustavsson with a rebound.
16:17 of 3rd period - Snap shot by Evan Bouchard.
16:17 of 3rd period - Shot Misses the Net.
16:19 of 3rd period - Slapshot by Brady Tkachuk.
16:19 of 3rd period - Shot Blocked by Josh Mahura.
16:21 of 3rd period - Wrist shot by Brady Tkachuk.
16:21 of 3rd period - Stopped by Filip Gustavsson without a rebound.
16:22 of 3rd period - Chase De Leo wins face-off versus Darroll Powe in Moose zone.
16:27 of 3rd period - Penalty to Michael McLeod is over, Michael McLeod is back on ice.
16:27 of 3rd period - Darroll Powe is hit by Nelson Nogier and loses puck.
16:35 of 3rd period - Icing by Quinn Hughes.
16:36 of 3rd period - Anders Bjork wins face-off versus Darroll Powe in Reign zone.
16:47 of 3rd period - Snap shot by Brendan Perlini.
16:47 of 3rd period - Stopped by Filip Gustavsson with a rebound.
16:49 of 3rd period - Snap shot by Darroll Powe.
16:49 of 3rd period - Shot Misses the Net.
16:51 of 3rd period - Wrist shot by Yegor Sharangovich.
16:51 of 3rd period - Shot Misses the Net.
16:53 of 3rd period - Wrist shot by Charlie McAvoy.
16:53 of 3rd period - Stopped by Filip Gustavsson without a rebound.
16:54 of 3rd period - Nick Suzuki wins face-off versus Dylan Strome in Moose zone.
16:57 of 3rd period - Slapshot by Quinn Hughes.
16:57 of 3rd period - Stopped by Filip Gustavsson with a rebound.
18:29 of 3rd period - Minor Penalty to Phillip Danault for Tripping.
18:30 of 3rd period - Lias Andersson wins face-off versus Dylan Strome in Reign zone.
18:30 of 3rd period - Lias Andersson is hit by Mathieu Joseph.
18:39 of 3rd period - Slapshot by Nikolay Goldobin.
18:39 of 3rd period - Stopped by Ukko-Pekka Luukkonen without a rebound.
18:40 of 3rd period - Dylan Strome wins face-off versus Lias Andersson in Reign zone.
18:43 of 3rd period - Wrist shot by Mathieu Joseph.
18:43 of 3rd period - Deflect By Roman Josi.
18:43 of 3rd period - Shot Misses the Net.
18:43 of 3rd period - Puck is out of play.
18:44 of 3rd period - Dylan Strome wins face-off versus Lias Andersson in Reign zone.
Goals for this period are 2 for Reign vs 1 for Moose.
Shots for this period are 8 for Reign vs 4 for Moose.
Output by the SimonT Hockey Simulator (STHS) for Francois Prevost